 Dungeon Sprint DCSS version 0.19.0-2-gae57169 (webtiles) character file.

300 LORDOFBUTT the Blocker (level 6, -5/56 HPs)
             Began as a Formicid Fighter on Nov 4, 2016.
             Slain by a slime creature (13 damage)
             ... in the Dungeon (Sprint I: "Red Sonja").
             The game lasted 00:00:22 (297 turns).

LORDOFBUTT the Blocker (Formicid Fighter)            Turns: 297, Time: 00:00:22

Health: -5/56      AC:  8    Str: 21    XL:     6   Next: 64%
Magic:  6/6        EV:  9    Int:  7    God:
Gold:   162        SH: 11    Dex: 12    Spells: 0 memorised, 5 levels left

rFire  . . .     SeeInvis +     a - +0 war axe
rCold  . . .     Gourm    .     b - +0 scale mail
rNeg   . . .     Faith    .     c - +0 shield
rPois  .         Spirit   .     (helmet unavailable)
rElec  .         Reflect  .     (no cloak)
rCorr  .         Harm     .     (no gloves)
MR     .....                    (no boots)
Stlth  ..........               (no amulet)
                                (no ring)
                                (no ring)

@: no status effects
A: permanent stasis, dig shafts and tunnels, four strong arms, antennae 3
a: Dig


You were in the Dungeon.
You were not hungry.

You visited 1 branch You collected 162 gold pieces.

Inventory:

Hand Weapons
 a - a +0 war axe (weapon)
Armour
 b - a +0 scale mail (worn)
 c - a +0 shield (worn)
Scrolls
 k - a scroll of blinking
Potions
 d - a potion of might
 e - a potion of curing
 g - a potion of heal wounds
 h - a potion of haste
 i - 2 potions of magic
 j - a potion of berserk rage
Comestibles
 f - a bread ration


   Skills:
 + Level 8.2 Fighting
 + Level 5.6 Axes
 + Level 7.9 Armour
 + Level 9.1 Shields


You had 5 spell levels left.
You didn't know any spells.

Dungeon Overview and Level Annotations

Branches:
Dungeon (1/1)

Altars:
Makhleb
Sif Muna
Vehumet
Xom
Jiyva
Lugonu


Innate Abilities, Weirdness & Mutations

You are under a permanent stasis effect.
You can dig through walls and to a lower floor.
Your four strong arms can wield two-handed weapons with a shield.
You have a pair of large antennae on your head. (SInv)


Message History

You block the slime creature's attack.
Found a burning altar of Makhleb and a shimmering altar of Xom.
There is an open door here.
You slash the slime creature!
The slime creature is lightly wounded.
The slime creature hits you.
You slash the slime creature!
The slime creature is moderately wounded.
The slime creature hits you! x2
You slash the slime creature!
The slime creature is moderately wounded.
The slime creature hits you!
You slash the slime creature!
The slime creature is severely wounded.
The slime creature hits you!
* * * LOW HITPOINT WARNING * * *
You slash the slime creature!
The slime creature is almost dead.
The slime creature hits you!
You die...

###################
#<.#..').#..'..#__#
#..'[.#..').#..@..+
#..#####'#####'#J_#
#..# #..# #)####
#..# #### ##)# {
#..# #..+ #⌠⌠#
{+..._# { ####
#_.#+# ##+


You could see a slime creature.

Vanquished Creatures
  Sigmund (D)
  An ogre (D)
  A jelly (D)
  Ijyb (D)
4 creatures vanquished.

Notes
Turn   | Place    | Note
-------+----------+-------------------------------------------
     0 | D        | LORDOFBUTT the Formicid Fighter began the quest for the Orb.
     0 | D        | Reached XP level 1. HP: 18/18 MP: 1/1
     1 | D        | Noticed Ijyb
    18 | D        | Killed Ijyb
    18 | D        | Reached skill level 5 in Shields
    18 | D        | Reached XP level 2. HP: 20/26 MP: 2/2
    18 | D        | Reached XP level 3. HP: 25/32 MP: 3/3
    82 | D        | Noticed an ogre
    91 | D        | Killed an ogre
    91 | D        | Reached skill level 7 in Shields
    91 | D        | Reached XP level 4. HP: 33/41 MP: 4/4
    91 | D        | Reached XP level 5. HP: 38/47 MP: 5/5
   156 | D        | Noticed Sigmund
   164 | D        | Killed Sigmund
   164 | D        | Reached skill level 5 in Axes
   164 | D        | Reached skill level 8 in Shields
   164 | D        | Reached XP level 6. HP: 36/56 MP: 6/6
   281 | D        | Found a deep blue altar of Sif Muna.
   283 | D        | Found a radiant altar of Vehumet.
   286 | D        | Reached skill level 9 in Shields
   291 | D        | Found a viscous altar of Jiyva.
   291 | D        | Found a corrupted altar of Lugonu.
   291 | D        | Noticed a slime creature
   292 | D        | Found a burning altar of Makhleb.
   292 | D        | Found a shimmering altar of Xom.
   297 | D        | Slain by a slime creature

Skill      XL: |  1  2  3  4  5  6 |
---------------+-------------------+-----
Fighting       | 4 6 8 |  8.2
Armour         | 4 6 7 |  7.9
Shields        | 5 7 8 9 |  9.1
Axes           | 3 5 |  5.6

Action                   |  1- 3 |  4- 6 || total
-------------------------+-------+-------++-------
Melee: War axe           |    24 |    14 ||    38
Armor: Scale mail        |    12 |     1 ||    13
Dodge: Dodged            |     3 |     1 ||     4
Block: Shield            |    13 |     4 ||    17
